 Dungeon Crawl Stone Soup version 0.31-a0-1469-gd420192249 (webtiles) character file.

Game seed: 17185154653242908882

94 grandjackal the Grave Robber (level 4, -3/33 HPs)
             Began as a Demonspawn Necromancer on Dec 28, 2023.
             Slain by Grinder (4 damage)
             ... while paralysed by Grinder
             ... on level 3 of the Dungeon.
             The game lasted 00:02:23 (2015 turns).

grandjackal the Grave Robber (DsNe)                 Turns: 2015, Time: 00:02:23

Health: -3/33      AC:  2    Str: 10    XL:     4   Next: 38%
Magic:  7/7        EV:  2    Int: 16    God:
Gold:   130        SH:  0    Dex: 13    Spells: 6/7 levels left

rFire   + . .        j - +2 morningstar (protect)
rCold   + . .        (no shield)
rNeg    . . .        a - +0 robe
rPois   +            (helmet restricted)
rElec   +            (no cloak)
rCorr   +            (no gloves)
SInv    .            (no boots)
Will    .....        (no amulet)
Stlth   ++           (no ring)
HPRegen 0.25/turn    (no ring)
MPRegen 0.10/turn

%: no passive effects
@: paralysed, mighty, resistant
A: horns 1, foul stench 1
a: no special abilities


You were on level 3 of the Dungeon.
You visited 1 branch of the dungeon, and saw 3 of its levels.

You collected 130 gold pieces.

Inventory:

Hand Weapons
 d - a +0 war axe
 j - a +2 morningstar of protection (weapon)
Armour
 a - a +0 robe (worn)
Scrolls
 e - a scroll of vulnerability {unknown}
 i - a scroll of noise {unknown}
 k - a scroll of enchant weapon {unknown}
 m - a scroll of revelation {unknown}
 o - a scroll of immolation {unknown}
Potions
 b - a potion of magic
 c - a potion of curing
 f - a potion of mutation
 h - a potion of haste


   Skills:
 + Level 2.2 Fighting
 + Level 1.7 Axes
 - Level 1.7 Dodging
 - Level 1.7 Stealth
 - Level 2.0 Spellcasting
 + Level 5.2 Necromancy


You had 6 spell levels left.
You knew the following spells:

 Your Spells              Type           Power      Damage    Failure   Level
a - Necrotise             Necr           72%        1d7       2%          1

Your spell library contained the following spells:

 Spells                   Type           Power      Damage    Failure   Level
 Vampiric Draining        Necr           18%        2d7       8%          3
 Animate Dead             Necr           18%        N/A       24%         4
 Ensorcelled Hibernation  Hex/Ice        2%         N/A       30%         2
 Passwall                 Erth           1%         N/A       52%         3
 Swiftness                Air            1%         N/A       52%         3
 Curse of Agony           Necr           18%        N/A       56%         5


Dungeon Overview and Level Annotations

Branches:
Dungeon (3/15)

Altars:

Annotations:
D:3 Grinder


Innate Abilities, Weirdness & Mutations

You have a pair of small horns on your head.
You may rarely emit foul miasma when damaged in melee.


Message History

Your weapon exudes an aura of protection.
Grinder is lightly wounded.
Grinder gestures at you.
You shrug off the repeated paralysis!
Unknown command.
You puncture Grinder!
Grinder is moderately wounded.
Grinder hits you but does no damage.
Grinder blinks!
Unknown command.
You aren't carrying any items that you can evoke.
It was a potion of resistance.
You feel protected.
Grinder blinks!
It was a potion of might.
You feel very mighty all of a sudden. Grinder gestures at you.
Pain shoots through your body!
You puncture Grinder!
Your weapon exudes an aura of protection.
Grinder is heavily wounded.
Grinder says, "Don't move a muscle."
Grinder hits you but does no damage.
You sock Grinder!
Grinder is almost dead.
Grinder closely misses you. Grinder misses you.
You closely miss Grinder.
Grinder is almost dead.
Grinder gestures at you.
You suddenly lose the ability to move!
Grinder says, "There's only one good use for a tongue: cutting it out."
Grinder gestures at you. Pain shoots through your body!
* * * LOW HITPOINT WARNING * * *
Grinder gestures at you. You resist with significant effort. Grinder hits you!
* * * LOW HITPOINT WARNING * * *
You writhe in agony.
You die...
Grinder says, "Now the real fun starts!"

#. #....... ##.#
####.### ... #.# #.# #.#
#.## #.### . #..## #.#.#
...####...##########....
...'....................
..###.@...########.#...
#.5.#.# #..#.# #..##.#
#..### #..##.# #..# #
#.....# #..### #.###.#
#..... #. #.# ##.### #.
.# #.# #.#


You could see Grinder.

Vanquished Creatures
  2 adders (D:2)
  A worm (D:2)
  2 dart slugs (D:2)
  3 orcs (D:3)
  4 bats
  7 endoplasms
  3 giant cockroaches (D:1)
  4 goblins
  3 hobgoblins
  8 jackals
  3 kobolds
  3 quokkas
  6 ball pythons
  4 frilled lizards
  6 rats
59 creatures vanquished.

Notes
Turn   | Place    | Note
-------+----------+-------------------------------------------
     0 | D:1      | grandjackal the Demonspawn Necromancer began the quest for
                  | the Orb.
     0 | D:1      | Reached XP level 1. HP: 13/13 MP: 3/3
    13 | D:1      | Noticed a minotaur zombie
    17 | D:1      | Noticed a demonspawn zombie
    21 | D:1      | Noticed a merfolk zombie
   230 | D:1      | Gained mutation: You have a pair of small horns on your
                  | head. [demonic ancestry]
   230 | D:1      | Reached XP level 2. HP: 20/20 MP: 5/5
   234 | D:1      | Reached skill level 1 in Fighting
   457 | D:1      | Reached skill level 1 in Axes
   567 | D:1      | Gained mutation: You may rarely emit foul miasma when
                  | damaged in melee. [demonic ancestry]
   567 | D:1      | Reached XP level 3. HP: 26/26 MP: 6/6
  1030 | D:2      | Reached skill level 5 in Necromancy
  1110 | D:2      | Reached XP level 4. HP: 32/33 MP: 7/7
  1999 | D:3      | Noticed Grinder
  2001 | D:3      | Paralysed by Grinder for 3 turns
  2012 | D:3      | Paralysed by Grinder for 4 turns
  2015 | D:3      | HP: 1/33 [Grinder (7)]
  2015 | D:3      | Slain by Grinder

Illustrated notes

Levels and vault maps discovered:
D:1:      shiori_arrival_whats_in_store_for_you, layout_loops_ring
D:2:      minmay_general_purpose_star, layout_basic, minmay_pentomino_pile
D:3:      minmay_razor_zed, layout_loops_corners,
          nicolae_dithmenos_through_a_glass_darkly, uniq_grinder

Skill      XL: |  1  2  3 |
---------------+----------+-----
Fighting       | 1 2 |  2.2
Axes           | 1 |  1.7
Necromancy     | 5 |  5.2
Dodging        | |  1.7
Stealth        | |  1.7
Spellcasting   | |  2.0

Action                     |  1- 3 |  4- 6 || total
---------------------------+-------+-------++-------
  Melee: War axe           |    42 |       ||    42
         Morningstar       |    27 |    50 ||    77
         Headbutt          |     5 |     6 ||    11
   Cast: Necrotise         |     8 |       ||     8
    Use: Scroll            |       |     3 ||     3
         Potion            |       |     2 ||     2
   Stab: Sleeping          |     7 |     4 ||    11
 Armour: Robe              |    40 |    30 ||    70
  Dodge: Dodged            |    60 |    29 ||    89

Table legend: (Time is in decaauts)
 A = Elapsed time spent in this place.
 B = Non-inter-level travel time spent in this place.
 C = Inter-level travel time spent in this place.
 D = Time resting spent in this place.
 E = Time spent auto-exploring this place.
 F = Levels seen in this place.
 G = Mean time per level.
                   A        B        C        D        E       F      G
               +--------+--------+--------+--------+--------+-----+--------+
         Total |   2069 |   1990 |     79 |     61 |   1499 |   3 |  689.7 |
       Dungeon |   2069 |   1990 |     79 |     61 |   1499 |   3 |  689.7 |
               +--------+--------+--------+--------+--------+-----+--------+

Top non-repeatable levels by time:
     D:2: 842 daAuts
     D:1: 825 daAuts
     D:3: 401 daAuts
